 Dungeon Crawl Stone Soup version 0.30-a0-371-gad7725a93e (webtiles) character file.

Game seed: 9598593113444403851

450 mobinator the Cudgeller (level 6, -2/51 HPs)
             Began as a Minotaur Berserker on Nov 22, 2022.
             Was a Priest of Trog.
             Slain by an ogre
             ... wielding a +0 giant spiked club
              (10 damage)
             ... on level 4 of the Dungeon.
             The game lasted 00:18:42 (3858 turns).

mobinator the Cudgeller (Minotaur Berserker)        Turns: 3858, Time: 00:18:42

Health: -2/51      AC:  6    Str: 23    XL:     6   Next: 74%
Magic:  5/5        EV: 11    Int:  4    God:    Trog [***...]
Gold:   197        SH:  0    Dex: 10    Spells: 5/5 levels left

rFire   . . .      SeeInvis .    e - +2 whip (elec)
rCold   + . .      Faith    .    (no shield)
rNeg    . . .      Spirit   .    f - +0 leather armour
rPois   .          Reflect  .    (helmet restricted)
rElec   .          Harm     .    b - +2 cloak
rCorr   .          Rampage  .    (no gloves)
Will    ++...                    (no boots)
Stlth   +.........               (no amulet)
HPRegen 1.28/turn                h - ring of protection from cold
MPRegen 0.09/turn                (no ring)

@: strong-willed, regenerating
A: horns 2, retaliatory headbutt
a: Renounce Religion, Berserk, Trog's Hand


You were on level 4 of the Dungeon.
You worshipped Trog.
Trog was most pleased with you.
You visited 1 branch of the dungeon, and saw 5 of its levels.

You collected 197 gold pieces.

Inventory:

Hand Weapons
 a - a +0 dire flail
 e - a +2 whip of electrocution (weapon)
Armour
 b - a +2 cloak (worn)
 f - a +0 leather armour (worn)
Jewellery
 h - a ring of protection from cold (left hand)
Scrolls
 d - a scroll of teleportation {unknown}
 i - a scroll of blinking {unknown}
 k - a scroll of fear {unknown}
 l - 2 scrolls of vulnerability
 m - a scroll of brand weapon {unknown}
 q - 2 scrolls of identify
 s - a scroll of noise {unknown}
 t - a scroll of butterflies
 x - a scroll of acquirement {unknown}
 y - a scroll of poison {unknown}
 z - a scroll of enchant armour {unknown}
 A - a scroll of immolation {unknown}
Potions
 c - 2 potions of lignification
 g - a potion of cancellation {unknown}
 j - 2 potions of flight {unknown}
 n - a potion of invisibility {unknown}
 o - 3 potions of haste
 p - a potion of resistance {unknown}
 r - 3 potions of curing
 u - a potion of heal wounds {unknown}
 v - a potion of attraction {unknown}
 w - 2 potions of mutation {unknown}
 B - a potion of magic {unknown}


   Skills:
 - Level 3.6 Fighting
 - Level 5.1(7.0) Axes
 * Level 7.5(8.3) Maces & Flails
 - Level 2.4 Armour
 - Level 2.1 Dodging


You had 5 spell levels left.
You didn't know any spells.
Your spell library contained the following spells:

 Spells                   Type           Power      Damage    Failure   Level
 Inner Flame              Hex/Fire       0%         N/A       89%         3
 Cause Fear               Hex            0%         N/A       100%        4
 Discord                  Hex            0%         N/A       100%        8


Dungeon Overview and Level Annotations

Branches:
Dungeon (5/15)
 Temple: D:4-7

Altars:
Sif Muna

Shops:
D:2 ((*(?   D:3 *

Annotations:
D:2 "firestarter mace"


Innate Abilities, Weirdness & Mutations

You have a pair of horns on your head.
You reflexively headbutt those who attack you in melee.


Message History

The black bear claws you. The black bear completely misses you.
The jackal bites you but does no damage.
You closely miss the black bear. You headbutt the black bear.
The black bear is severely wounded.
The jackal closely misses you.
The jackal bites you but does no damage.
You closely miss the black bear.
The black bear is severely wounded.
The jackal bites you but does no damage.
The black bear bites you but does no damage.
The black bear claws you but does no damage.
The black bear closely misses you. The jackal barely misses you.
You closely miss the black bear.
The black bear is severely wounded.
The jackal bites you but does no damage.
The black bear bites you. The black bear barely misses you. x2
The jackal barely misses you. You furiously retaliate!
You headbutt the jackal!
You kill the jackal!
Trog accepts your kill.
You barely miss the jackal. The jackal bites you.
You miss the jackal.
The jackal bites you but does no damage.
The black bear bites you. The black bear closely misses you.
The black bear claws you but does no damage.
You hit the jackal. Lightning courses through the jackal!
You kill the jackal!
Trog accepts your kill.
The black bear barely misses you. x2; The black bear closely misses you.
The ogre hits you with a +0 giant spiked club!!
Ouch! That really hurt!
* * * LOW HITPOINT WARNING * * *
The black bear bites you.
* * * LOW HITPOINT WARNING * * *
The black bear claws you but does no damage. x2
You climb upwards.
There is a stone staircase leading down here.
Your skin crawls.
You feel strong-willed.
The ogre hits you with a +0 giant spiked club!
You die...

### ###########~#
#.......).#~###
#.#########~~~## ##### #.#
##~~#~ #...#######.# #~#~#~
#........@O.#### ###~#~#~
#...####h......# #.#~#~~# ###
##.#####.#####.####.#~##~#
##.####.# #.....###......#~##~#
#.....#.###.###.#........#~##~#
##.##>......# #...######.#~##~#
#.####.....###..## #.#~~###
#.##.###.#......### #.#~~# #
####.#.#.##.#.#......# #.#~~###


You could see a black bear and an ogre.

Vanquished Creatures
  Blork the orc (D:4)
  A scorpion (D:4)
  A jelly (D:4)
  2 orc priests (D:3)
  An iguana (D:4)
  An orc wizard (D:3)
  Robin (D:3)
  3 gnolls (D:4)
  4 adders
  A worm (D:3)
  5 dart slugs
  5 orcs (D:3)
  2 endoplasms
  8 giant cockroaches
  16 goblins
  12 hobgoblins
  8 jackals
  3 quokkas (D:2)
  6 ball pythons
  4 bats
  3 frilled lizards
  7 kobolds
  4 rats
99 creatures vanquished.

Notes
Turn   | Place    | Note
-------+----------+-------------------------------------------
     0 | D:1      | mobinator the Minotaur Berserker began the quest for the
                  | Orb.
     0 | D:1      | Reached XP level 1. HP: 19/19 MP: 0/0
   185 | D:1      | Reached XP level 2. HP: 21/26 MP: 1/1
   806 | D:2      | Found Piuj's Weapon Shoppe.
   913 | D:2      | Reached skill level 5 in Axes
  1012 | D:2      | Found Uboror's Antique Weapon Boutique.
  1067 | D:2      | Reached XP level 3. HP: 31/31 MP: 2/2
  1110 | D:2      | Reached ** piety under Trog
  1190 | D:2      | Reached skill level 1 in Maces & Flails
  1433 | D:2      | Found Rocon's Magic Scroll Boutique.
  1440 | D:2      | Reached skill level 2 in Maces & Flails
  1656 | D:2      | Found Koneilo's Assorted Antiques.
  1692 | D:2      | Found Zibomaj's Antique Weapon Shoppe.
  1889 | D:3      | Reached XP level 4. HP: 29/39 MP: 3/3
  1904 | D:3      | Reached skill level 3 in Maces & Flails
  2091 | D:3      | Reached skill level 4 in Maces & Flails
  2095 | D:3      | Noticed Robin
  2110 | D:3      | Killed Robin
  2111 | D:3      | Reached XP level 5. HP: 16/45 MP: 4/4
  2119 | D:3      | Reached skill level 5 in Maces & Flails
  2291 | D:3      | Reached *** piety under Trog
  2320 | D:3      | Found a shimmering blue altar of Sif Muna.
  2522 | D:3      | Found Hyrgh's General Store.
  2802 | D:4      | Noticed Blork the orc
  2813 | D:4      | Killed Blork the orc
  2814 | D:4      | Reached skill level 6 in Maces & Flails
  2814 | D:4      | Reached XP level 6. HP: 42/51 MP: 5/5
  3194 | D:4      | Reached skill level 7 in Maces & Flails
  3842 | D:5      | Entered Level 5 of the Dungeon
  3858 | D:4      | Slain by an ogre

Illustrated notes

Levels and vault maps discovered:
D:1:      dpeg_arrival_tiny_d, layout_basic
D:2:      layout_loops_ring, serial_shops, nicolae_shop_behind_doors, shop,
          nicolae_lakefront_shop, nicolae_shop_bloodbath_and_beyond,
          nicolae_lakefront_shop
D:3:      layout_rooms, mainiacjoe_overflow_paths, serial_shops, shop,
          uniq_robin
D:4:      layout_loops_ring, ebering_dispersal_statue_hall,
          chequers_serial_rivers_large_b, nrook_uturn, grunt_ministairs_10,
          uniq_blork_the_orc
D:5:      layout_basic, minmay_temple_entry_waves, ebering_ghost_disaster_area,
          serial_shops, shop, uniq_menkaure, uniq_grinder, uniq_eustachio,
          uniq_pikel

Skill      XL: |  1  2  3  4  5  6 |
---------------+-------------------+-----
Axes           | 4 5 |  5.1
Maces & Flails | 2 4 6 7 |  7.5
Fighting       | |  3.6
Armour         | |  2.4
Dodging        | |  2.1

Action                   |  1- 3 |  4- 6 || total
-------------------------+-------+-------++-------
Melee: Hand axe          |    53 |       ||    53
       Headbutt          |    11 |    19 ||    30
       Whip              |    58 |   105 ||   163
Invok: Trog's Hand       |       |     2 ||     2
  Use: Scroll            |       |     6 ||     6
Armor: Animal skin       |     3 |       ||     3
       Leather armour    |    34 |    22 ||    56
Dodge: Dodged            |    64 |    60 ||   124

Table legend: (Time is in decaauts)
 A = Elapsed time spent in this place.
 B = Non-inter-level travel time spent in this place.
 C = Inter-level travel time spent in this place.
 D = Time resting spent in this place.
 E = Time spent auto-exploring this place.
 F = Levels seen in this place.
 G = Mean time per level.
                   A        B        C        D        E       F      G
               +--------+--------+--------+--------+--------+-----+--------+
         Total |   3859 |   3572 |    287 |    271 |   2130 |   5 |  771.8 |
       Dungeon |   3859 |   3572 |    287 |    271 |   2130 |   5 |  771.8 |
               +--------+--------+--------+--------+--------+-----+--------+

Top non-repeatable levels by time:
     D:2: 1133 daAuts
     D:4: 1055 daAuts
     D:3: 856 daAuts
     D:1: 803 daAuts
     D:5: 10 daAuts
